 Dungeon Sprint DCSS version 0.28.0-53-g5a82cb258f (webtiles) character file.

Game seed: 15426942644104369754

3011 Zeld the Eclecticist (level 9, -11/45 HPs)
             Began as a Deep Elf Conjurer on June 5, 2022.
             Was a High Priest of Sif Muna.
             Killed from afar by an orc sorcerer (31 damage)
             ... with a bolt of fire
             ... in the Dungeon (Sprint III: "The Ten Rune Challenge").
             The game lasted 00:03:36 (2291 turns).

Zeld the Eclecticist (Deep Elf Conjurer)            Turns: 2291, Time: 00:03:37

Health: -11/45     AC:  7    Str:  4    XL:     9   Next: 55%
Magic:  9/33       EV: 13    Int: 28    God:    Sif Muna [*****.]
Gold:   44         SH:  0    Dex: 11    Spells: 34/45 levels left

rFire   . . .      SeeInvis .   (no weapon)
rCold   . . .      Faith    .   (no shield)
rNeg    . . .      Spirit   .   e - +1 troll leather armour {Snorg}
rPois   .          Reflect  .   (helmet restricted)
rElec   .          Harm     .   (no cloak)
rCorr   .          Rampage  .   (no gloves)
Will    .....      NoTele   +   (no boots)
Stlth   ++........              (no amulet)
HPRegen 0.95/turn               (no ring)
MPRegen 0.23/turn               (no ring)

@: channelling
A: horns 1, iridescent scales 1, clumsy 1, deterioration 1, subdued magic 1
a: Renounce Religion, Channel Magic, Forget Spell, Divine Exegesis


You were in the Dungeon.
You worshipped Sif Muna.
Sif Muna was extremely pleased with you.
You visited 1 branch You collected 44 gold pieces.

Inventory:

Armour
 e - a +1 troll leather armour (worn) {Snorg}
Scrolls
 h - 2 scrolls of identify
 i - 2 scrolls of immolation
Potions
 b - a potion of curing
 d - a potion of haste
 f - 2 potions of berserk rage
 j - a potion of flight
 k - 2 potions of might
Miscellaneous
 g - a condenser vane


   Skills:
 - Level 8.0 Dodging
 - Level 2.4 Stealth
 * Level 18.9 Spellcasting
 + Level 12.5 Conjurations
 - Level 2.0 Hexes
 - Level 2.0 Translocations
 * Level 11.8 Invocations


You had 34 spell levels left.
You knew the following spells:

 Your Spells              Type           Power      Damage    Failure   Level
a - Magic Dart            Conj           100%       1d8       0%          1
b - Searing Ray           Conj           100%       2d8       0%          2
c - Fulminant Prism       Conj/Hex       25%        3d14      1%          4
d - Iskenderun's Mystic   Conj/Tloc      51%        2d11      1%          4

Your spell library contained the following spells:

 Spells                   Type           Power      Damage    Failure   Level
 Apportation              Tloc           58%        N/A       1%          1
 Static Discharge         Conj/Air       47%        N/A       1%          2
 Dazzling Flash           Conj/Hex       100%       N/A       1%          3
 Animate Skeleton         Necr           40%        N/A       2%          1
 Summon Small Mammal      Summ           80%        N/A       2%          1
 Fireball                 Conj/Fire      23%        3d11      4%          5
 Irradiate                Conj/Tmut      23%        3d21      4%          5
 Starburst                Conj/Fire      23%        6d8       28%         6
 Lehudib's Crystal Spear  Conj/Erth      23%        10d7      100%        8
 Fire Storm               Conj/Fire      23%        8d6       100%        9


Dungeon Overview and Level Annotations

Branches:
Dungeon (1/1)

Altars:
Cheibriados
Dithmenos
Elyvilon
Fedhas
Gozag
Hepliaklqana
Kikubaaqudgha
Makhleb
Nemelex Xobeh
Okawaru
Qazlal
Ru
Sif Muna
Trog
Uskayaw
Vehumet
Wu Jian
Xom
Yredelemnul
Zin
The Shining One
Beogh
Jiyva
Lugonu


Innate Abilities, Weirdness & Mutations

You have a pair of small horns on your head.
You are partially covered in iridescent scales. (AC +2)
You are clumsy. (Dex -2)
Your body sometimes deteriorates upon taking damage.
Your spells are a little easier to cast, but a little less powerful.


Message History

Okay, then.
Okay, then.
The orc knight roars a battlecry!
The orc warrior goes into a battle-frenzy!
Casting: Iskenderun's Mystic Blast (dangerous; 1% risk of failure)
Confirm with . or Enter, or press ? or * to list all spells.
You erupt in a blast of force!
The mystic blast hits the orc warrior!
The orc warrior is moderately wounded.
The orc warrior is knocked back by the mystic blast.
The orc warrior slams into the rock wall!
The orc warrior is severely wounded.
The mystic blast hits the orc knight but does no damage.
The orc knight is almost dead.
The orc knight roars a battlecry!
Unknown command.
Casting: Iskenderun's Mystic Blast (dangerous; 1% risk of failure)
Confirm with . or Enter, or press ? or * to list all spells.
You erupt in a blast of force!
The mystic blast hits the orc warrior.
The orc warrior is severely wounded.
The orc warrior is knocked back by the mystic blast.
The orc warrior slams into the rock wall!
The orc warrior is almost dead.
The mystic blast hits the orc knight but does no damage.
The orc knight is almost dead.
The orc knight hits you with a +0 war axe!!
Ouch! That really hurt!
Unknown command.
Unknown command.
Casting: Iskenderun's Mystic Blast (dangerous; 1% risk of failure)
Confirm with . or Enter, or press ? or * to list all spells.
You erupt in a blast of force!
The mystic blast hits the orc warrior!
You kill the orc warrior!
Sif Muna accepts your kill.
The mystic blast hits the orc knight!
The orc knight is almost dead.
The orc knight is knocked back by the mystic blast.
The orc sorcerer points at you and mumbles some strange words.
The bolt of fire hits you!!
Ouch! That really hurt!
You die...

▓▓▓ ♣ ♣.############ ## ♣
♣♣.#___#___#__######$ ♣
..#.).#__)#._#...o.
♣♣♣♣♣.###'#'###'##$)o)
♣.♣...#..........#o)o
≈.♣...'.⌠........#oo#
≈≈≈...#...######'#o)#
≈≈....#.⌠.#__#..@#'##############
≈.....#...#__#..[#..§§≈'.#.'...+.
......#'###__#..)#.#§§≈#.#.#..)##
......#.).#__#...o.#.§§#.#.#...#
......#___#__'..o#.#§§§#...#)).#
▓▓▓▓▓▓▓▓▓▓▓▓▓▓▓▓▓▓▓▓▓▓▓▓▓▓▓▓▓▓▓#


You could see an orc knight and an orc sorcerer (strong).

Vanquished Creatures
  Snorg (D)
  A centaur warrior (D)
  A deep elf pyromancer (D)
  A shadow (D)
  A spatial vortex (D)
  3 orc warriors (D)
  A necrophage (D)
  2 centaurs (D)
  An earth elemental (D)
  A water elemental (D)
  2 orc priests (D)
  A jelly (D)
  A wizard (D)
  Jessica (D)
  An orc wizard (D)
  A necromancer (D)
  3 humans (D)
  A kobold demonologist (D)
  A wolf (D)
  5 orcs (D)
  An endoplasm (D)
  2 rats (D)
33 creatures vanquished.

Vanquished Creatures (others)
  4 fulminant prisms (D)
4 creatures vanquished.

Grand Total: 37 creatures vanquished

Notes
Turn   | Place    | Note
-------+----------+-------------------------------------------
     0 | D        | Zeld the Deep Elf Conjurer began the quest for the Orb.
     0 | D        | Reached XP level 1. HP: 10/10 MP: 6/6
     4 | D        | Reached skill level 1 in Hexes
     4 | D        | Reached skill level 1 in Translocations
    38 | D        | Noticed Jessica
    43 | D        | Killed Jessica
    44 | D        | Reached skill level 5 in Spellcasting
    44 | D        | Reached skill level 5 in Conjurations
    44 | D        | Reached XP level 2. HP: 15/15 MP: 1/10
    45 | D        | Reached XP level 3. HP: 19/19 MP: 0/12
    48 | D        | Learned a level 2 spell: Searing Ray
   159 | D        | Reached skill level 6 in Spellcasting
   243 | D        | Gained mutation: You tend to lose your temper in combat.
                  | [potion of mutation]
   243 | D        | Lost mutation: You tend to lose your temper in combat.
                  | [potion of mutation]
   243 | D        | Gained mutation: You have hidden genetic defects. [potion
                  | of mutation]
   243 | D        | Lost mutation: You have hidden genetic defects. [potion of
                  | mutation]
   341 | D        | Gained mutation: You sometimes lose the ability to read
                  | scrolls when taking damage. [potion of mutation]
   341 | D        | Gained mutation: You are strong-willed. (Will+) [potion of
                  | mutation]
   341 | D        | Gained mutation: You occasionally shout uncontrollably at
                  | your foes. [potion of mutation]
   444 | D        | Lost mutation: You sometimes lose the ability to read
                  | scrolls when taking damage. [potion of mutation]
   444 | D        | Lost mutation: You occasionally shout uncontrollably at
                  | your foes. [potion of mutation]
   444 | D        | Gained mutation: Your body sometimes deteriorates upon
                  | taking damage. [potion of mutation]
   444 | D        | Gained mutation: Your spells are a little harder to cast,
                  | but a little more powerful. [potion of mutation]
   444 | D        | Lost mutation: Your spells are a little harder to cast, but
                  | a little more powerful. [potion of mutation]
   626 | D        | Lost mutation: Your body sometimes deteriorates upon taking
                  | damage. [potion of mutation]
   626 | D        | Lost mutation: You are strong-willed. (Will+) [potion of
                  | mutation]
   626 | D        | Gained mutation: Your spells are a little easier to cast,
                  | but a little less powerful. [potion of mutation]
   626 | D        | Gained mutation: You have sharp toenails. [potion of
                  | mutation]
   626 | D        | Gained mutation: You are clumsy. (Dex -2) [potion of
                  | mutation]
   626 | D        | Gained mutation: A frigid envelope surrounds you and
                  | freezes all who hurt you. [potion of mutation]
   709 | D        | Lost mutation: You have sharp toenails. [potion of
                  | mutation]
   709 | D        | Lost mutation: A frigid envelope surrounds you and freezes
                  | all who hurt you. [potion of mutation]
   709 | D        | Gained mutation: You have a pair of small horns on your
                  | head. [potion of mutation]
   709 | D        | Gained mutation: Your body sometimes deteriorates upon
                  | taking damage. [potion of mutation]
   709 | D        | Gained mutation: You are partially covered in iridescent
                  | scales. (AC +2) [potion of mutation]
   783 | D        | Reached skill level 7 in Spellcasting
   865 | D        | Noticed a water elemental
   873 | D        | Killed a water elemental
   874 | D        | Reached skill level 9 in Spellcasting
   874 | D        | Reached XP level 4. HP: 23/24 MP: 4/17
   879 | D        | Learned a level 4 spell: Fulminant Prism
   884 | D        | Learned a level 4 spell: Iskenderun's Mystic Blast
   989 | D        | Found a radiant altar of Vehumet.
   989 | D        | Found a shimmering blue altar of Sif Muna.
   989 | D        | Found an ancient bone altar of Kikubaaqudgha.
   989 | D        | Noticed a wizard
   991 | D        | Killed a wizard
   992 | D        | Reached skill level 5 in Dodging
   992 | D        | Reached XP level 5. HP: 25/28 MP: 14/19
   996 | D        | Became a worshipper of Sif Muna the Loreminder
  1148 | D        | Found a basalt altar of Yredelemnul.
  1148 | D        | Found a shadowy altar of Dithmenos.
  1148 | D        | Found a sacrificial altar of Ru.
  1148 | D        | Noticed a necrophage
  1150 | D        | Reached skill level 10 in Spellcasting
  1151 | D        | Killed a necrophage
  1152 | D        | Reached skill level 11 in Spellcasting
  1152 | D        | Reached XP level 6. HP: 32/32 MP: 12/22
  1252 | D        | Noticed a shadow
  1256 | D        | Reached * piety under Sif Muna
  1257 | D        | Reached skill level 12 in Spellcasting
  1260 | D        | Killed a shadow
  1261 | D        | Reached skill level 13 in Spellcasting
  1411 | D        | Found a blossoming altar of Fedhas.
  1411 | D        | Found a stormy altar of Qazlal.
  1411 | D        | Found a snail-covered altar of Cheibriados.
  1411 | D        | Found a burning altar of Makhleb.
  1411 | D        | Found a shimmering altar of Xom.
  1411 | D        | Noticed a spatial vortex
  1412 | D        | Found a hazy altar of Hepliaklqana.
  1412 | D        | Found an opulent altar of Gozag.
  1412 | D        | Found a sparkling altar of Nemelex Xobeh.
  1412 | D        | Found a corrupted altar of Lugonu.
  1412 | D        | Found a viscous altar of Jiyva.
  1421 | D        | Killed a spatial vortex
  1422 | D        | Reached skill level 14 in Spellcasting
  1422 | D        | Reached XP level 7. HP: 19/36 MP: 12/26
  1519 | D        | Noticed Snorg
  1543 | D        | Killed Snorg
  1543 | D        | Reached ** piety under Sif Muna
  1544 | D        | Reached skill level 16 in Spellcasting
  1544 | D        | Reached skill level 10 in Conjurations
  1544 | D        | Reached XP level 8. HP: 38/41 MP: 23/30
  1739 | D        | Found a hide-covered altar of Uskayaw.
  1739 | D        | Found an iron altar of Okawaru.
  1739 | D        | Found a bloodstained altar of Trog.
  1739 | D        | Found an ornate altar of the Wu Jian Council.
  1800 | D        | Found a glowing silver altar of Zin.
  1800 | D        | Found a glowing golden altar of the Shining One.
  1800 | D        | Found a white marble altar of Elyvilon.
  1800 | D        | Noticed a deep elf pyromancer
  1804 | D        | Killed a deep elf pyromancer
  1805 | D        | Reached skill level 17 in Spellcasting
  1968 | D        | Reached XP level 9. HP: 45/45 MP: 32/32
  2098 | D        | Noticed a centaur warrior
  2100 | D        | Reached *** piety under Sif Muna
  2101 | D        | Reached skill level 10 in Invocations
  2104 | D        | Killed a centaur warrior
  2105 | D        | Reached skill level 18 in Spellcasting
  2265 | D        | Noticed an orc knight
  2267 | D        | Reached **** piety under Sif Muna
  2273 | D        | Reached ***** piety under Sif Muna
  2277 | D        | Noticed an orc sorcerer
  2282 | D        | Received a gift from Sif Muna
  2286 | D        | Got Asmodeus's Papyrus of Confrontation {god gift}
  2291 | D        | Killed from afar by an orc sorcerer

Illustrated notes

Levels and vault maps discovered:
D:        dungeon_sprint_mu [sprint_mu_entry_forest, sprint_mu_temple_rooms,
          sprint_mu_d1_horrors, sprint_mu_d2_genie, sprint_mu_d3_branching,
          sprint_mu_orc_legion, sprint_mu_elf_gauntlet, sprint_mu_hive_nellie,
          sprint_mu_lair_fedhas, sprint_mu_vaults_butterflies,
          sprint_mu_slime_circle, sprint_mu_shoals_archi,
          sprint_mu_snake_twists, sprint_mu_blade_basic, sprint_mu_crypt_lich,
          sprint_mu_tomb_spiral, sprint_mu_vestibule_basic,
          sprint_mu_gehenna_hellfire, sprint_mu_dis_giant,
          sprint_mu_tartarus_statrot, sprint_mu_cocytus_islands, sprint_mu_zot1]

Skill      XL: |  1  2  3  4  5  6  7  8  9 |
---------------+----------------------------+-----
Hexes          | 2 |  2.0
Translocations | 2 |  2.0
Spellcasting   | 5 9 11 14 16 17 18 | 18.9
Conjurations   | 5 7 8 9 10 11 12 | 12.5
Dodging        | 4 5 6 8 |  8.0
Invocations    | 3 7 9 11 | 11.8
Stealth        | |  2.4

Action                   |  1- 3 |  4- 6 |  7- 9 || total
-------------------------+-------+-------+-------++-------
 Cast: Magic Dart        |     9 |       |       ||     9
       Searing Ray       |     7 |     7 |     4 ||    18
       Iskenderun's Myst |       |     6 |    40 ||    46
       Fulminant Prism   |       |       |     4 ||     4
Invok: Channel Magic     |       |       |     2 ||     2
  Use: Potion            |     5 |       |     4 ||     9
       Scroll            |     1 |       |     3 ||     4
Armor: Troll leather arm |       |       |     1 ||     1
Dodge: Dodged            |     5 |       |     5 ||    10
